 Dungeon Crawl Stone Soup version 0.29.1-2-gbd0b4ee654 (webtiles) character file.

Game seed: 13296325239174794014

12042 LustLizard the Markself (level 11, -8/66 HPs)
             Began as a Deep Elf Arcane Marksman on Nov 12, 2022.
             Was a High Priest of Okawaru.
             Mangled by an ice devil (13 damage)
             ... on level 10 of the Dungeon on Nov 14, 2022.
             The game lasted 00:30:57 (10932 turns).

LustLizard the Markself (Deep Elf Arcane Marksman) Turns: 10932, Time: 00:30:57

Health: -8/66      AC: 11    Str: 13    XL:     11   Next: 57%
Magic:  22/22      EV: 15    Int: 19    God:    Okawaru [*****.]
Gold:   720        SH:  0    Dex: 19    Spells: 16/22 levels left

rFire   + . .      SeeInvis .   K - +0 shortbow
rCold   . . .      Faith    .   (shield currently unavailable)
rNeg    . . .      Spirit   .   k - +2 leather armour of Honesty {rF+ Will+ Regen+}
rPois   .          Reflect  .   i - +0 helmet
rElec   .          Harm     .   G - +0 cloak
rCorr   .          Rampage  +   E - +2 pair of gloves
Will    ++...                   M - +0 pair of boots {rampage}
Stlth   +++.......              (no amulet)
HPRegen 1.01/turn               j - +4 ring of slaying
MPRegen 0.18/turn               H - +6 ring of strength

@: about to teleport, studying Fire Magic
A: no striking features
a: Renounce Religion, Heroism, Finesse, Duel


You were on level 10 of the Dungeon.
You worshipped Okawaru.
Okawaru was extremely pleased with you.
You visited 2 branches of the dungeon, and saw 12 of its levels.

You collected 800 gold pieces.
You spent 80 gold pieces at shops.

Inventory:

Hand Weapons
 a - a +1 sling
 K - a +0 shortbow (weapon)
Missiles
 e - 24 poisoned darts
Armour
 c - a +0 robe
 i - a +0 helmet (worn)
 k - the +2 leather armour of Honesty (worn) {rF+ Will+ Regen+}
   (You found it on level 2 of the Dungeon)

   rF:        It protects you from fire.
   Regen:     It increases your rate of health regeneration.
   Will:      It increases your willpower.
 E - a +2 pair of gloves (worn)
 G - a +0 cloak (worn)
 M - a +0 pair of boots of rampaging (worn)
Jewellery
 j - a +4 ring of slaying (left hand)
 H - a +6 ring of strength (right hand)
Wands
 q - a wand of polymorph (12)
 y - a wand of roots (24)
 F - a wand of digging (7)
 I - a wand of paralysis (8)
Scrolls
 b - 3 scrolls of poison
 d - 2 scrolls of immolation {unknown}
 f - 3 scrolls of noise {unknown}
 l - 6 scrolls of teleportation
 o - 2 scrolls of blinking {unknown}
 t - a scroll of vulnerability
 u - a scroll of enchant armour {unknown}
 v - a scroll of silence
 w - 2 scrolls of enchant weapon {unknown}
 x - a scroll of butterflies {unknown}
 z - 2 scrolls of amnesia {unknown}
 B - a scroll of fear
 C - a scroll of brand weapon
 D - a scroll of magic mapping
 O - a scroll of identify
Potions
 g - 2 potions of ambrosia
 h - 2 potions of attraction
 m - 5 potions of curing
 n - 2 potions of brilliance
 p - a potion of might
 r - a potion of haste
 s - 2 potions of flight
 A - a potion of berserk rage
 L - a potion of degeneration {unknown}
 N - a potion of mutation


   Skills:
 + Level 6.8 Fighting
 * Level 15.0 Ranged Weapons
 - Level 6.0 Dodging
 - Level 6.0 Stealth
 - Level 6.0 Spellcasting
 - Level 3.0 Conjurations
 - Level 4.0 Hexes
 - Level 2.6 Air Magic
 - Level 3.1 Poison Magic
 + Level 5.7 Invocations
 + Level 5.6 Evocations


You had 16 spell levels left.
You knew the following spells:

 Your Spells              Type           Power      Damage    Failure   Level
a - Slow                  Hex            80%        N/A       2%          1
b - Mephitic Cloud        Conj/Pois/Air  16%        N/A       13%         3
c - Poisonous Vapours     Pois/Air       32%        N/A       7%          2

Your spell library contained the following spells:

 Spells                   Type           Power      Damage    Failure   Level
 Magic Dart               Conj           68%        1d6       4%          1
 Inner Flame              Hex/Fire       13%        N/A       19%         3
 Portal Projectile        Hex/Tloc       26%        N/A       19%         3
 Cause Fear               Hex            10%        N/A       26%         4
 Corpse Rot               Necr/Pois/Air  13%        N/A       54%         4
 Conjure Ball Lightning   Conj/Air       8%         3x3d6     100%        6
 Storm Form               Tmut/Air       5%         N/A       100%        7
 Discord                  Hex            10%        N/A       100%        8
 Disjunction              Tloc           2%         N/A       100%        8
 Maxwell's Capacitive Co  Air            7%         ∞         100%        8
 Call Imp                 Summ           Unusable   N/A       N/A         2
 Summon Lightning Spire   Summ/Air       Unusable   N/A       N/A         4

Dungeon Overview and Level Annotations

Branches:
Dungeon (11/15)            Temple (1/1) D:5            Lair (0/5) D:10
    Orc: D:9-12

Altars:
Ashenzari
Elyvilon
Fedhas
Gozag
Hepliaklqana
Kikubaaqudgha
Makhleb
Nemelex Xobeh
Okawaru
Ru
Sif Muna
Trog
Uskayaw
Vehumet
Wu Jian
Xom
Yredelemnul
Zin
The Shining One

Shops:
D:3 [:=:[   D:6 [   D:9 !


Message History

Press: ? - help, Q - select action, (/) - cycle Shift-Dir - straight line, f/p - ice devil
Aim: an ice devil (lightly wounded, 73% to hit)
You shoot an arrow. The arrow hits the ice devil.
The ice devil is lightly wounded.
The shadow slips into darkness.
The shadow flickers and vanishes!
Deactivating autopickup; reactivate with Ctrl-A.
The ice devil barely misses you.
Fire: K) +0 shortbow
Press: ? - help, Q - select action, (/) - cycle Shift-Dir - straight line, f/p - ice devil
Aim: an ice devil (lightly wounded, 73% to hit)
You shoot an arrow. The arrow hits the ice devil.
The ice devil is moderately wounded.
The ice devil hits you. The ice devil freezes you!!
Fire: K) +0 shortbow
Press: ? - help, Q - select action, (/) - cycle Shift-Dir - straight line, f/p - ice devil
Aim: an ice devil (moderately wounded, 73% to hit)
You shoot an arrow. The arrow barely misses the ice devil.
The ice devil closely misses you.
Unknown command.
The ice devil hits you! The ice devil freezes you!!
* * * LOW HITPOINT WARNING * * *
You climb upwards.
Reactivating autopickup.
The hound closely misses you. The hound barely misses you.
The hound misses you.
There is a stone staircase leading down here.
You feel much better. The hound completely misses you.
The ice devil hits you but does no damage.
As you read the scroll of teleportation, it crumbles to dust.
You feel strangely unstable. The hound misses you. The hound barely misses you.
The ice devil hits you. The ice devil freezes you!
* * * LOW HITPOINT WARNING * * *
The hound attacks as you move away! The hound bites you but does no damage.
The hound attacks as you move away! The hound bites you but does no damage.
The hound barely misses you. The ice devil attacks as you move away!
The ice devil hits you!
* * * LOW HITPOINT WARNING * * *
The ice devil freezes you!
You die...

..........# #...# ..........#
#...# ..........# #...##########
..........##########.............
.................)...............
.......................##########
...........#########...#
.................4.....##########
................@h>..............
......############...............
.....)############...............
...).............................
.................................
.................................
..........(..###########..#######
..........................#######
)................................


You could see an ice devil and a hound.

Vanquished Creatures
  A boulder beetle (D:6)
  The ghost of DocClef the Insei, a novice GnTm (D:5)
  2 cyclopes
  An ugly thing (D:9)
  Psyche (D:9)
  A komodo dragon (D:10)
  An ice devil (D:10)
  2 trolls
  Prince Ribbit (D:6)
  A vampire (D:11)
  21 yaks
  The ghost of zeram the Trooper, an amateur DjFi (D:4)
  A steam dragon (D:10)
  A vampire mosquito (D:10)
  A swamp worm (shapeshifter) (D:9)
  2 water moccasins
  A sky beast (D:8)
  2 black bears (D:8)
  An orc warrior (D:9)
  A hornet zombie (D:4)
  2 ice beasts
  An ogre (D:5)
  2 wolves
  7 centaurs
  A phantom (D:5)
  2 kobold brigands
  7 bullfrogs
  A necrophage (D:6)
  5 scorpions
  A wyvern zombie (D:4)
  4 wights (D:8)
  11 killer bees
  A howler monkey (D:9)
  An electric eel (D:10)
  A centaur skeleton (D:4)
  10 hounds
  6 jellies
  Crazy Yiuf (D:2)
  5 orc priests
  3 iguanas
  14 orc wizards
  8 gnolls
  9 adders
  2 shadow imps (D:6)
  3 white imps (D:7)
  A worm (D:2)
  5 dart slugs
  34 orcs
  3 endoplasms
  A giant cockroach (D:1)
  3 goblins
  6 hobgoblins
  4 jackals (D:1)
  A quokka (D:2)
  6 ball pythons
  3 bats
  2 frilled lizards
  11 kobolds
  5 rats
237 creatures vanquished.

Notes
Turn   | Place    | Note
-------+----------+-------------------------------------------
     0 | D:1      | LustLizard the Deep Elf Arcane Marksman began the quest for
                  | the Orb.
     0 | D:1      | Reached XP level 1. HP: 11/11 MP: 5/5
   275 | D:1      | Found a faded altar of an unknown god.
   301 | D:1      | Reached skill level 3 in Ranged Weapons
   395 | D:1      | Reached skill level 1 in Fighting
   403 | D:1      | Reached XP level 2. HP: 13/16 MP: 6/6
   775 | D:1      | Reached skill level 1 in Stealth
  1243 | D:2      | Identified the +2 leather armour of Honesty {rF+ Will+
                  | Regen+}
  1296 | D:2      | Reached XP level 3. HP: 20/20 MP: 8/8
  1836 | D:2      | Found a runed translucent door.
  1837 | D:2      | Noticed Crazy Yiuf
  1929 | D:3      | Found Fyos's Antique Armour Shop.
  1952 | D:3      | Found Kameheec's Jewellery Shoppe.
  1972 | D:3      | Found Xisizoogakh's Book Shoppe.
  1975 | D:3      | Found Qiret's Book Shop.
  2017 | D:3      | Found a burning altar of Makhleb.
  2139 | D:3      | Reached skill level 4 in Ranged Weapons
  2139 | D:3      | Reached XP level 4. HP: 25/25 MP: 7/9
  2334 | D:3      | Found Cempoiq's Antique Armour Boutique.
  2428 | D:4      | Found a hide-covered altar of Uskayaw.
  2573 | D:4      | Found a runed translucent gate.
  2573 | D:4      | Found a runed translucent gate.
  2574 | D:4      | Found a runed translucent gate.
  2575 | D:4      | Noticed zeram's ghost (amateur DjFi)
  2666 | D:4      | Reached XP level 5. HP: 29/29 MP: 9/11
  2686 | D:4      | Learned a level 3 spell: Mephitic Cloud
  3102 | D:5      | Entered Level 5 of the Dungeon
  3259 | D:5      | Reached skill level 5 in Ranged Weapons
  3259 | D:5      | Reached skill level 1 in Conjurations
  3259 | D:5      | Reached skill level 1 in Poison Magic
  3259 | D:5      | Reached XP level 6. HP: 35/35 MP: 10/12
  3306 | D:5      | Found a runed translucent door.
  3307 | D:5      | Noticed DocClef's ghost (novice GnTm)
  3360 | D:5      | Reached skill level 1 in Air Magic
  3561 | D:5      | Found a shimmering blue altar of Sif Muna.
  3694 | D:5      | Found a staircase to the Ecumenical Temple.
  3717 | Temple   | Entered the Ecumenical Temple
  3793 | Temple   | Became a worshipper of Warmaster Okawaru
  4057 | D:5      | Reached XP level 7. HP: 40/40 MP: 12/14
  4347 | D:6      | Noticed Prince Ribbit
  4364 | D:6      | Killed Prince Ribbit
  4364 | D:6      | Reached * piety under Okawaru
  4365 | D:6      | Reached skill level 6 in Ranged Weapons
  4583 | D:6      | Noticed a yak
  4583 | D:6      | Noticed a yak
  4584 | D:6      | Noticed a yak
  4584 | D:6      | Noticed a yak
  4628 | D:5      | Reached XP level 8. HP: 42/45 MP: 16/16
  4646 | D:6      | Noticed a cyclops
  4646 | D:6      | Noticed a boulder beetle
  4711 | D:6      | Reached skill level 7 in Ranged Weapons
  4810 | D:6      | Reached ** piety under Okawaru
  4811 | D:6      | Reached skill level 5 in Dodging
  5032 | D:6      | Reached skill level 5 in Spellcasting
  5035 | D:6      | Reached skill level 8 in Ranged Weapons
  5114 | D:6      | Reached skill level 5 in Stealth
  5114 | D:6      | Killed a boulder beetle
  5114 | D:6      | Reached *** piety under Okawaru
  5115 | D:6      | Reached skill level 9 in Ranged Weapons
  5115 | D:6      | Reached XP level 9. HP: 17/52 MP: 18/20
  5260 | D:6      | Found an ancient bone altar of Kikubaaqudgha.
  5389 | D:6      | Killed a cyclops
  5389 | D:6      | Reached **** piety under Okawaru
  5390 | D:6      | Reached skill level 10 in Ranged Weapons
  5481 | D:6      | Found a sacrificial altar of Ru.
  5558 | D:6      | Reached skill level 11 in Ranged Weapons
  5603 | D:6      | Found Mizxihimna's Armour Boutique.
  5858 | D:7      | Found a white marble altar of Elyvilon.
  5871 | D:7      | Noticed a troll
  5921 | D:6      | Killed a troll
  5922 | D:6      | Reached skill level 5 in Fighting
  6104 | D:7      | Reached XP level 10. HP: 59/59 MP: 21/21
  6121 | D:7      | Found a bloodstained altar of Trog.
  6406 | D:8      | Reached skill level 1 in Invocations
  6406 | D:8      | Reached ***** piety under Okawaru
  6407 | D:8      | Reached skill level 1 in Evocations
  6442 | D:8      | Reached skill level 12 in Ranged Weapons
  7530 | D:2      | Killed Crazy Yiuf
  7665 | D:4      | Killed zeram's ghost
  7665 | D:4      | Received a gift from Okawaru
  7822 | D:9      | Found a radiant altar of Vehumet.
  7868 | D:9      | Found an ornate altar of the Wu Jian Council.
  7927 | D:9      | Found a broken altar of Ashenzari.
  7959 | D:9      | Noticed Psyche
  7976 | D:9      | Killed Psyche
  8135 | D:9      | Noticed a green ugly thing
  8458 | D:9      | Reached skill level 13 in Ranged Weapons
  8842 | D:8      | Received a gift from Okawaru
  8982 | D:8      | Received a gift from Okawaru
  9000 | D:9      | Reached XP level 11. HP: 56/64 MP: 22/22
  9012 | D:9      | Found Zuikkev's Distillery.
  9015 | D:9      | Bought a potion of mutation for 80 gold pieces
  9232 | D:10     | Entered Level 10 of the Dungeon
  9331 | D:10     | Reached skill level 14 in Ranged Weapons
  9540 | D:5      | Killed DocClef's ghost
  9741 | D:9      | Killed a green ugly thing
  9910 | D:10     | Found a staircase to the Lair.
  9966 | D:10     | Reached skill level 5 in Invocations
  9975 | D:10     | Reached skill level 5 in Evocations
 10253 | D:10     | Learned a level 2 spell: Poisonous Vapours
 10314 | D:10     | Found a blossoming altar of Fedhas.
 10920 | D:10     | Reached skill level 15 in Ranged Weapons
 10932 | D:10     | Mangled by an ice devil

Illustrated notes

Levels and vault maps discovered:
D:1:      dpeg_arrival_leaves_temple_mockup, layout_basic,
          basic_ecumenical_altar, nicolae_titane
D:2:      layout_loops_ring, uniq_crazy_yiuf_cottage
D:3:      layout_basic, mainiacjoe_overflow_boulevard, serial_shops, shop,
          nicolae_lakefront_shop, shop, nicolae_shop_statue_plus, shop_fountains
D:4:      layout_loops_ring, amcnicky_altar_gilded, gammafunk_ghost_necromancy
D:5:      layout_basic, marbit_many_paths, minmay_temple_entry_enclosed_plants,
          hellmonk_ghost_happy_afterlife
D:6:      layout_basic, mainiacjoe_overflow_swirl, serial_shops, shop,
          minmay_manual_monstrance, uniq_prince_ribbit1
D:7:      layout_basic, nicolae_elyvilon_peaceful_grove,
          mainiacjoe_overflow_concentric_impassable,
          chequers_serial_rivers_micro_b
D:8:      layout_basic
D:9:      kennysheep_blocky_room, layout_cave_pools,
          nicolae_ashenzari_panopticon, pf_just_have_faith,
          nicolae_vehumet_radiance, serial_shops, kennysheep_mini_moat,
          minmay_misc_feat_nine_boxes, uniq_psyche
D:10:     layout_long_grid, mainiacjoe_overflow_chevrons, erik_lair_island
D:11:     layout_rooms, minmay_orc_entry_temple_small,
          portal_ice_cave_demonic_guard, lemuel_another_geyser
Temple:   jpeg_temple_clearing

Skill      XL: |  1  2  3  4  5  6  7  8  9 10 11 |
---------------+----------------------------------+-----
Ranged Weapons | 3 4 5 6 9 11 13 15 | 15.0
Fighting       | 1 2 3 5 6 |  6.8
Stealth        | 1 2 3 5 6 |  6.0
Spellcasting   | 2 3 4 6 |  6.0
Dodging        | 3 4 6 |  6.0
Conjurations   | 1 2 3 |  3.0
Poison Magic   | 1 2 3 |  3.1
Air Magic      | 1 2 |  2.6
Invocations    | 4 5 |  5.7
Evocations     | 4 5 |  5.6
Hexes          | |  4.0

Action                   |  1- 3 |  4- 6 |  7- 9 | 10-12 || total
-------------------------+-------+-------+-------+-------++-------
 Fire: Sling             |   122 |   163 |   359 |   225 ||   869
       Shortbow          |       |       |       |   475 ||   475
Throw: Dart              |       |       |    10 |       ||    10
 Cast: Slow              |     3 |    22 |    22 |    28 ||    75
       Mephitic Cloud    |       |       |       |     1 ||     1
Invok: Heroism           |       |       |     1 |     1 ||     2
       Finesse           |       |       |       |     1 ||     1
Evoke: Wand              |       |       |       |     1 ||     1
  Use: Scroll            |     6 |     2 |     4 |     6 ||    18
       Potion            |       |       |     3 |     4 ||     7
Armor: Robe              |    10 |       |       |       ||    10
       Leather armour    |     4 |    16 |    80 |   151 ||   251
Dodge: Dodged            |    33 |    48 |   136 |   287 ||   504
